 Dungeon Crawl Stone Soup version 0.27.1-34-g3ba077fa99 (webtiles) character file.

Game seed: 12088114631747795084

1 Descartes the Grasshopper (level 1, -5/16 HPs)
             Began as a Formicid Warper on Jan 22, 2022.
             Slain by a kobold (6 damage)
             ... on level 1 of the Dungeon.
             The game lasted 00:00:19 (182 turns).

Descartes the Grasshopper (Formicid Warper)          Turns: 182, Time: 00:00:20

Health: -5/16      AC:  3    Str: 15    XL:     1   Next: 22%
Magic:  3/3        EV: 11    Int: 12    God:
Gold:   9          SH:  0    Dex: 10    Spells: 4/4 levels left

rFire    . . .     SeeInvis +   a - +0 mace
rCold    . . .     Faith    .   (no shield)
rNeg     . . .     Spirit   .   b - +0 leather armour
rPois    .         Reflect  .   (helmet unavailable)
rElec    .         Harm     .   (no cloak)
rCorr    .         Rampage  .   (no gloves)
Will     .....                  (no boots)
Stlth    +.........             (no amulet)
HPRegen  0.05/turn              (no ring)
MPRegen  0.08/turn              (no ring)

@: no status effects
A: permanent stasis, dig shafts and tunnels, antennae 3, four strong arms
a: Dig, Shaft Self


You were on level 1 of the Dungeon.
You visited 1 branch of the dungeon, and saw 1 of its levels.

You collected 9 gold pieces.

Inventory:

Hand Weapons
 a - a +0 mace (weapon)
Missiles
 c - 5 boomerangs of dispersal (quivered)
 d - 40 stones
Armour
 b - a +0 leather armour (worn)
Potions
 e - a potion of attraction {unknown}


   Skills:
 - Level 2.1 Fighting
 - Level 2.0 Maces & Flails
 - Level 1.0 Throwing
 + Level 1.2 Armour
 - Level 1.7 Dodging
 - Level 2.1 Spellcasting
 + Level 2.7 Translocations


You had 4 spell levels left.
You didn't know any spells.
Your spell library contained the following spells:

 Spells                   Type           Power      Damage    Failure   Level
 Gell's Gravitas          Tloc           3%         N/A       32%         3
 Lesser Beckoning         Tloc           3%         N/A       32%         3
 Teleport Other           Tloc           7%         N/A       32%         3
 Manifold Assault         Tloc           7%         N/A       96%         5
 Blink                    Tloc           Unusable   N/A       N/A         2

Dungeon Overview and Level Annotations

Branches:
Dungeon (1/15)

Altars:


Innate Abilities, Weirdness & Mutations

You cannot be hasted, slowed, berserked, paralysed or teleported.
You can dig through walls and to a lower floor.
You have a pair of large antennae on your head. (SInv)
Your four strong arms can wield two-handed weapons with a shield.


Message History

You sense a monster nearby.
Found a murky sapphire potion.
You see here 10 arrows.
e - a murky sapphire potion;
d - 40 stones (gained 21)
An endoplasm comes into view.
The endoplasm quivers.
A kobold comes into view. It is wielding a +3 short sword.
The kobold shouts!
The kobold throws a stone.
The stone misses you.
The endoplasm jiggles.
The endoplasm hits you but does no damage.
A frilled lizard comes into view.
An endoplasm comes into view.
The endoplasm quivers.
The frilled lizard hisses angrily.
You hit the endoplasm.
You kill the endoplasm!
The kobold throws a stone.
The stone hits you.
You hit the endoplasm.
The endoplasm is moderately wounded.
The endoplasm hits you.
An endoplasm comes into view.
You barely miss the endoplasm.
The endoplasm is moderately wounded.
The endoplasm hits you but does no damage.
The endoplasm freezes you.
You are frozen.
The endoplasm quivers.
You hit the endoplasm but do no damage.
The endoplasm is moderately wounded.
The frilled lizard bites you but does no damage.
The endoplasm freezes you.
You are frozen.
* * * LOW HITPOINT WARNING * * *
The kobold hits you with a +3 short sword.
* * * LOW HITPOINT WARNING * * *
You are too injured to fight recklessly!
You are too injured to fight recklessly!
You are too injured to fight recklessly!
The kobold hits you with a +3 short sword.
You die...

...##.....#####.#.....##....#
....###.......#.....###....##
#.....####....#..####.....##
##.......####.####.......##
####.........#.......####
####......#....####.
########...##.... {
.............#
........@.#####
######lJK.......
#...............
#.#.##.#........ #
........... ..#....J.... ...
..#...... ....#.........
..... ..#####


You could see 2 endoplasms, a kobold and a frilled lizard.

Vanquished Creatures
  An endoplasm (D:1)
1 creature vanquished.

Notes
Turn   | Place    | Note
-------+----------+-------------------------------------------
     0 | D:1      | Descartes the Formicid Warper began the quest for the Orb.
     0 | D:1      | Reached XP level 1. HP: 16/16 MP: 3/3
   182 | D:1      | Slain by a kobold

Illustrated notes

Levels and vault maps discovered:
D:1:      dpeg_arrival_circle_labyrinth_a, layout_basic

Action                   || total
-------------------------++-------
Melee: Mace              ||     4
Armor: Leather armour    ||     3
Dodge: Dodged            ||     1
